Description

VIBES 9min Max from his Youtube channel. Build probes, build probes, and don't forget to build probes.

Build Order

Get SALT Encoding   

  14  0:20  Pylon  
  16  0:39  Gateway  
  16  0:48  Assimilator  Chrono Nexus
  20  1:28  Nexus  
  20  1:35  Cybernetics Core  
  22  1:53  Pylon  
  22  1:54  Assimilator  Chrono When Pylon Done
  24  2:15  Stalker (Chrono Boost)  
  26  2:16  Warp Gate  
  28  2:31  Pylon  
  28  2:38  Sentry  Chono Nexus
  35  2:56  Robotics Facility  At 100 Gas
  35  3:03  Gateway  
  37  3:07  Shield Battery  
  37  3:15  Stalker  Chrono Nexus
  44  3:38  Pylon  Take Third if Minerals Full Saturated
  49  3:55  Nexus  
  49  3:56  Pylon  
  51  4:09  Stalker  
  53  4:10  Stalker  
  57  4:17  Assimilator  
  57  4:19  Assimilator  
  59  4:28  Pylon  
  60  4:31  Observer  
  61  4:35  Stalker  
  63  4:36  Stalker  Scout H.Phnx / Chrono Nexus
  70  4:54  Pylon  
  70  4:57  Immortal  Chrono Nexus
  76  5:10  Stalker  
  78  5:11  Stalker  
  85  5:21  Shield Battery  
  88  5:32  Forge x2  
  88  5:36  Twilight Council  
  90  5:42  Immortal  
  95  5:52  Stalker x2  
  95  5:54  Pylon x2  
  95  6:05  Nexus  
  101  6:17  Protoss Ground Weapons Level 1  
  101  6:19  Protoss Ground Armor Level 1  
  101  6:15  Charge  Chrono Updgrades
  104  6:26  Immortal  
  110  6:31  Assimilator x2  
  110  6:36  Templar Archives  
  110  6:37  Zealot x2  
  117  6:46  Gateway x4  Chrono Upgrades
  124  7:10  Pylon x4  
  126  7:16  Zealot x2  
  133  7:26  Assimilator x2  
  133  7:30  Gateway x2  
  135  7:44  Gateway x4  
  137  7:45  High Templar x4  Chrono Upgrades
  145  8:09  Zealot x2  
  149  8:13  Nexus  
  149  8:15  Pylon x3  Should Be Close to 85 Probes
  149  8:20  High Templar x4  Chrono Upgrades
  164  8:40  Zealot x2  Zealot & Archon Until Maxed SCOUT
Spawning Tool Build Advisor. Get it on Overwolf

Go to:

Details

  • Created by: gunut
  • Published on: Jan 25, 2023
  • Modified on: Jan 25, 2023
  • Patch: 5.0.11
  • Difficulty: Hard
Show
View Real Time Build Order
Export as new Build Order

Comments (0)

There are no comments. Be the first!

Create an account to comment!